 Dungeon Crawl Stone Soup version 0.29.1-4-g47bece8355 (webtiles) character file.

Game seed: 2587606014265794778

21888 Destapler the Cleaver (level 12, -6/168 HPs)
             Began as a Minotaur Berserker on Dec 11, 2022.
             Was an Elder of Trog.
             Mangled by a two-headed ogre
             ... wielding a +0 giant club
              (23 damage)
             ... on level 1 of the Orcish Mines.
             The game lasted 00:43:00 (14705 turns).

Destapler the Cleaver (Minotaur Berserker)         Turns: 14705, Time: 00:43:01

Health: -6/168     AC: 13    Str: 24    XL:     12   Next: 58%
Magic:  18/18      EV: 14    Int:  4    God:    Trog [****..]
Gold:   284        SH:  0    Dex: 13    Spells: 11/11 levels left

rFire   + + .      SeeInvis .   a - +8 hand axe of the Whale {vorpal, rPois rN+ Will+ MP+9}
rCold   + . .      Faith    .   (no shield)
rNeg    + . .      Spirit   .   j - +2 ring mail {rF+}
rPois   +          Reflect  .   (helmet restricted)
rElec   .          Harm     .   y - scarf {rC+ rF+}
rCorr   .          Rampage  .   q - +0 pair of gloves
Will    ++...                   A - +0 pair of boots
Stlth   ..........              (no amulet)
HPRegen 0.38/turn               f - ring of willpower
MPRegen 0.16/turn               (no ring)

@: berserking, very quick
A: horns 2, retaliatory headbutt, fangs 1, iridescent scales 1, low MP 1
a: Renounce Religion, Berserk, Trog's Hand, Brothers in Arms


You were on level 1 of the Orcish Mines.
You worshipped Trog.
Trog was greatly pleased with you.
You visited 3 branches of the dungeon, and saw 14 of its levels.

You collected 896 gold pieces.
You spent 612 gold pieces at shops.

Inventory:

Hand Weapons
 a - the +8 hand axe of the Whale (weapon) {vorpal, rPois rN+ Will+ MP+9}
   (You found it on level 6 of the Dungeon)

   It inflicts extra damage upon your enemies.
   rPois:     It protects you from poison.
   rN:        It protects you from negative energy.
   MP:        It affects your magic capacity (+9).
   Will:      It increases your willpower.
 J - a +4 hand axe
Missiles
 e - 91 stones
 k - 4 boomerangs of dispersal
 n - 28 poisoned darts (quivered)
 u - a curare-tipped dart
 w - 4 datura-tipped darts
 z - 8 boomerangs
Armour
 b - a +1 ring mail of cold resistance
 j - a +2 ring mail of fire resistance (worn)
 o - a +2 cloak of preservation
 q - a +0 pair of gloves (worn)
 y - a scarf of resistance (worn)
 A - a +0 pair of boots (worn)
 C - +0 steam dragon scales
 F - a +2 leather armour of poison resistance
Jewellery
 f - a ring of willpower (left hand)
Wands
 m - a wand of flame (4)
 p - a wand of iceblast (11)
 s - a wand of paralysis (7)
 v - a wand of polymorph (19)
 I - a wand of quicksilver (8)
Scrolls
 l - 2 scrolls of enchant weapon
 E - 3 scrolls of teleportation
 K - a scroll of fear
Potions
 d - 2 potions of resistance
 g - 2 potions of haste
 h - 4 potions of cancellation
 i - 8 potions of curing
 r - a potion of heal wounds
 t - a potion of brilliance {unknown}
 x - 2 potions of attraction
 B - a potion of might {unknown}
 D - 2 potions of flight
 G - 2 potions of ambrosia {unknown}
 H - 2 potions of mutation
Miscellaneous
 M - a phial of floods (inert)


   Skills:
 + Level 11.8 Fighting
 + Level 12.6 Axes
 - Level 3.0 Staves
 - Level 8.0 Throwing
 + Level 9.0 Armour
 + Level 7.1 Dodging
 - Level 2.0 Stealth
 + Level 7.3 Shields
 - Level 7.0 Evocations


You had 11 spell levels left.
You didn't know any spells.
Your spell library contained the following spells:

 Spells                   Type           Power      Damage    Failure   Level
 Magic Dart               Conj           0%         1d3       63%         1
 Sandblast                Erth           0%         2d4       63%         1
 Call Imp                 Summ           0%         N/A       77%         2
 Ensorcelled Hibernation  Hex/Ice        0%         N/A       77%         2
 Passwall                 Tmut/Erth      0%         N/A       77%         2
 Static Discharge         Conj/Air       0%         3-3/arc   77%         2
 Dazzling Flash           Conj/Hex       0%         N/A       94%         3
 Inner Flame              Hex/Fire       0%         N/A       94%         3
 Mephitic Cloud           Conj/Pois/Air  0%         N/A       94%         3
 Spider Form              Tmut/Pois      0%         N/A       94%         3
 Stone Arrow              Conj/Erth      0%         3d7       94%         3
 Swiftness                Air            0%         N/A       94%         3
 Anguish                  Hex/Necr       0%         N/A       100%        4
 Cause Fear               Hex            0%         N/A       100%        4
 Dispel Undead            Necr           0%         3d6       100%        4
 Sticky Flame             Conj/Fire      0%         2d3       100%        4
 Agony                    Necr           0%         N/A       100%        5
 Silence                  Hex/Air        0%         N/A       100%        5
 Summon Forest            Summ/Tloc      0%         N/A       100%        5
 Eringya's Noxious Bog    Tmut/Pois      0%         N/A       100%        6
 Summon Hydra             Summ           0%         N/A       100%        7
 Discord                  Hex            0%         N/A       100%        8


Dungeon Overview and Level Annotations

Branches:
Dungeon (11/15)            Temple (0/1) D:4            Lair (1/5) D:8
    Orc (2/2) D:10
    Elf: Orc:2

Altars:
Ashenzari
Elyvilon
Gozag
Hepliaklqana
Kikubaaqudgha
Makhleb
Nemelex Xobeh
Qazlal
Ru
Trog
Uskayaw
Wu Jian
Xom
Zin
The Shining One

Shops:
D:4 (   D:9 *   Orc:1 !

Annotations:
D:11 1 runed translucent door, 3 transporters


Innate Abilities, Weirdness & Mutations

You have a pair of horns on your head.
You reflexively headbutt those who attack you in melee.
You have very sharp teeth.
You are partially covered in iridescent scales. (AC +2)
Your magical capacity is low. (-10% MP)


Message History

The two-headed ogre closely misses you. You furiously retaliate!
You headbutt the two-headed ogre!
The two-headed ogre hits you with a +0 giant spiked club!
* * * LOW HITPOINT WARNING * * *
The ogre hits you with a +0 giant club!
* * * LOW HITPOINT WARNING * * *
The ogre closely misses you.
The ogre mage hits you but does no damage.
You climb upwards.
Reactivating autopickup.
There is a stone staircase leading down, spattered with blood here.
Your ogre goes berserk!
The two-headed ogre closely misses you.
The two-headed ogre hits you with a +0 giant club!
* * * LOW HITPOINT WARNING * * *
The two-headed ogre hits you with a +0 giant club!
* * * LOW HITPOINT WARNING * * *
The two-headed ogre completely misses you.
The ogre barely misses you.
You feel much better. The ogre misses you.
The two-headed ogre hits you with a +0 giant spiked club!
* * * LOW HITPOINT WARNING * * *
The two-headed ogre barely misses you.
You swap places.
Your ogre hits the two-headed ogre with a +0 giant spiked club!!!
The ogre hits you with a +0 giant club.
* * * LOW HITPOINT WARNING * * *
The two-headed ogre barely misses your ogre. x2
The ogre hits your ogre with a +0 giant spiked club!!
You see here a +0 giant club.
The ogre attacks as you move away! The ogre completely misses you.
Your ogre hits the ogre with a +0 giant spiked club!
The two-headed ogre hits your ogre with a +0 giant spiked club!!
Your ogre dies!
Your ogre's corpse disappears in a puff of smoke!
The ogre shouts!
A red film seems to cover your vision as you go berserk!
You feel yourself moving faster!
You feel mighty!
The two-headed ogre hits you with a +0 giant club!!
You die...

### ##.## #O))##
####O).#
##..)))O#
##.....O@##
#.....#...#
##....#...#
##.......#
##.....##
##....###
##...#...###
###....#.....#
##.#....)....###
##


You could see 2 two-headed ogres and 2 ogres.

Vanquished Creatures
  2 ogre magi (Orc:2)
  9 two-headed ogres
  2 orc high priests (Orc:2)
  A cyclops (D:11)
  An ugly thing (D:10)
  Joseph (D:7)
  An unseen horror (D:11)
  A cane toad (Lair:1)
  A komodo dragon (Lair:1)
  4 trolls
  A polar bear (Lair:1)
  4 blink frogs (Lair:1)
  A hornet (D:11)
  Sigmund (D:3)
  3 wyverns
  7 yaks
  3 basilisks
  5 steam dragons
  2 wargs
  8 water moccasins
  Duvessa (D:6)
  7 orc warriors
  3 sky beasts (D:10)
  4 ice beasts
  3 black bears
  23 ogres
  2 centaurs
  4 kobold brigands
  4 bullfrogs
  2 scorpions
  A necrophage (D:4)
  10 wights (D:8)
  Dowan (D:6)
  5 killer bees (D:9)
  5 howler monkeys
  A hound (D:5)
  Crazy Yiuf (D:3)
  3 jellies
  5 orc priests
  An iron imp (D:6)
  4 gnoll boudas
  3 iguanas
  18 orc wizards
  Robin (D:2)
  10 adders
  11 gnolls
  A shadow imp (D:8)
  2 white imps (D:7)
  2 worms
  A dart slug (D:1)
  40 orcs
  7 ball pythons
  6 endoplasms
  3 giant cockroaches
  19 goblins
  8 hobgoblins
  3 jackals (D:5)
  21 kobolds
  2 quokkas
  5 bats
  2 frilled lizards
  4 rats
317 creatures vanquished.

Vanquished Creatures (others)
  48 fungi
  40 plants
88 creatures vanquished.

Grand Total: 405 creatures vanquished

Notes
Turn   | Place    | Note
-------+----------+-------------------------------------------
     0 | D:1      | Destapler the Minotaur Berserker began the quest for the
                  | Orb.
     0 | D:1      | Reached XP level 1. HP: 19/19 MP: 0/0
   160 | D:1      | Reached XP level 2. HP: 25/27 MP: 1/1
   222 | D:1      | Found a faded altar of an unknown god.
   947 | D:2      | Reached skill level 4 in Axes
  1120 | D:2      | Reached XP level 3. HP: 28/33 MP: 2/2
  1415 | D:2      | Noticed Robin
  1432 | D:2      | Killed Robin
  1437 | D:2      | Reached ** piety under Trog
  1444 | D:2      | Reached XP level 4. HP: 23/41 MP: 3/3
  1711 | D:2      | You fall into a shaft and drop 1 floor!
  1825 | D:3      | Noticed Sigmund
  1839 | D:3      | Killed Sigmund
  1840 | D:3      | Reached skill level 5 in Fighting
  1840 | D:3      | Reached skill level 5 in Axes
  1840 | D:3      | Reached XP level 5. HP: 48/48 MP: 4/4
  2378 | D:3      | Found a runed translucent door.
  2379 | D:3      | Noticed Crazy Yiuf
  2387 | D:3      | Killed Crazy Yiuf
  2388 | D:3      | Reached XP level 6. HP: 55/56 MP: 1/5
  2508 | D:3      | Found a hide-covered altar of Uskayaw.
  2508 | D:3      | Noticed a +0 hand axe
  2508 | D:3      | Noticed a +0 dagger
  2773 | D:3      | Found a stormy altar of Qazlal.
  2966 | D:3      | Found a white marble altar of Elyvilon.
  2966 | D:3      | Found a glowing golden altar of the Shining One.
  2966 | D:3      | Found a glowing silver altar of Zin.
  3079 | D:4      | Noticed an ice beast
  3090 | D:4      | Killed an ice beast
  3125 | D:4      | Reached skill level 5 in Armour
  3125 | D:4      | Reached XP level 7. HP: 62/62 MP: 6/6
  3215 | D:4      | Found Banoinni's Weapon Boutique.
  3657 | D:4      | Found a staircase to the Ecumenical Temple.
  3724 | D:4      | Reached skill level 6 in Axes
  4015 | D:4      | Reached *** piety under Trog
  4035 | D:5      | Entered Level 5 of the Dungeon
  4065 | D:5      | Reached skill level 5 in Dodging
  4340 | D:5      | Reached XP level 8. HP: 67/71 MP: 7/7
  4394 | D:5      | Reached skill level 1 in Staves
  4400 | D:5      | Reached skill level 1 in Throwing
  4400 | D:5      | Reached skill level 1 in Evocations
  4635 | D:5      | Found a shimmering altar of Xom.
  5475 | D:6      | Noticed a troll
  5482 | D:6      | Killed a troll
  5616 | D:6      | Identified the +8 hand axe of the Whale {vorpal, rPois rN+
                  | Will+ MP+9}
  5710 | D:6      | Reached skill level 1 in Shields
  5839 | D:6      | Reached XP level 9. HP: 69/81 MP: 8/8
  5986 | D:6      | Noticed Dowan
  5994 | D:6      | Killed Dowan
  5994 | D:6      | Noticed Duvessa
  6002 | D:6      | Killed Duvessa
  6091 | D:6      | Reached skill level 7 in Axes
  6091 | D:6      | Reached skill level 1 in Stealth
  6881 | D:7      | Reached **** piety under Trog
  7053 | D:7      | Found a burning altar of Makhleb.
  7054 | D:7      | Found an ancient bone altar of Kikubaaqudgha.
  7181 | D:7      | Noticed Joseph
  7194 | D:7      | Killed Joseph
  7195 | D:7      | Reached skill level 8 in Axes
  7332 | D:7      | Reached XP level 10. HP: 52/90 MP: 9/9
  7578 | D:8      | Reached skill level 5 in Shields
  7602 | D:8      | Found a staircase to the Lair.
  7857 | D:8      | Found an opulent altar of Gozag.
  8171 | D:9      | Reached skill level 9 in Axes
  8245 | D:9      | Found a broken altar of Ashenzari.
  8461 | D:9      | Found Doth's Assorted Antiques.
  8876 | D:9      | Bought a twisted ruby ring for 125 gold pieces
  8876 | D:9      | Bought a grey potion for 22 gold pieces
  8876 | D:9      | Bought a glowing ring mail for 175 gold pieces
  8876 | D:9      | Bought a forked fluorescent wand for 100 gold pieces
  8876 | D:9      | Bought a potion of curing for 75 gold pieces
  8972 | D:9      | Found an ornate altar of the Wu Jian Council.
  9011 | D:9      | Found a sacrificial altar of Ru.
  9165 | D:4      | Bought 4 datura-tipped darts for 19 gold pieces
  9546 | D:9      | Found a sparkling altar of Nemelex Xobeh.
  9549 | D:9      | Found a hazy altar of Hepliaklqana.
  9561 | D:9      | Reached skill level 5 in Throwing
  9935 | D:9      | Found a bloodstained altar of Trog.
 10000 | D:10     | Entered Level 10 of the Dungeon
 10365 | D:10     | Found a staircase to the Orcish Mines.
 10399 | D:10     | Reached skill level 10 in Axes
 10403 | D:10     | Noticed a red ugly thing
 10544 | Lair:1   | Entered Level 1 of the Lair of Beasts
 10568 | Lair:1   | Noticed a cane toad
 10574 | Lair:1   | Killed a cane toad
 10575 | Lair:1   | Reached skill level 5 in Evocations
 10784 | Lair:1   | Reached XP level 11. HP: 61/97 MP: 10/10
 11223 | Lair:1   | Reached skill level 11 in Axes
 11288 | Lair:1   | Reached skill level 10 in Fighting
 11552 | Lair:1   | Noticed an eight-headed hydra
 11663 | Orc:1    | Entered Level 1 of the Orcish Mines
 11726 | Orc:1    | Found Ziagemup's Distillery.
 11901 | Orc:1    | Bought a potion of mutation for 96 gold pieces
 11901 | Orc:1    | Gained mutation: Your magical capacity is low. (-10% MP)
                  | [potion of mutation]
 11901 | Orc:1    | Gained mutation: You are partially covered in iridescent
                  | scales. (AC +2) [potion of mutation]
 11901 | Orc:1    | Gained mutation: You have very sharp teeth. [potion of
                  | mutation]
 12084 | Orc:2    | Entered Level 2 of the Orcish Mines
 12084 | Orc:2    | Noticed an orc high priest
 12226 | D:10     | Killed a red ugly thing
 12704 | D:11     | Found a runed translucent door.
 12744 | D:11     | Found a transporter.
 12758 | D:11     | Found a transporter.
 12786 | D:11     | Found a transporter.
 13258 | Orc:2    | Reached skill level 12 in Axes
 13262 | Orc:2    | Killed an orc high priest
 13393 | Orc:2    | Reached ***** piety under Trog
 13394 | Orc:2    | Noticed an ogre mage
 13396 | Orc:2    | Noticed a two-headed ogre
 13400 | Orc:2    | Noticed a two-headed ogre
 13504 | Orc:2    | Noticed a two-headed ogre
 13509 | Orc:2    | Killed a two-headed ogre
 13509 | Orc:2    | Killed a two-headed ogre
 13510 | Orc:2    | Reached XP level 12. HP: 91/110 MP: 9/9
 13672 | Orc:2    | Noticed a two-headed ogre
 13682 | Orc:1    | Killed a two-headed ogre
 13897 | Orc:1    | Killed a two-headed ogre
 13905 | Orc:2    | Killed an ogre mage
 13914 | Orc:2    | Noticed a two-headed ogre
 13916 | Orc:2    | Noticed a two-headed ogre
 13918 | Orc:2    | Noticed a two-headed ogre
 13925 | Orc:1    | Killed a two-headed ogre
 14113 | Orc:2    | Noticed an orc high priest
 14117 | Orc:2    | Killed a two-headed ogre
 14118 | Orc:2    | Killed a two-headed ogre
 14281 | Orc:2    | Noticed a two-headed ogre
 14281 | Orc:2    | Noticed an ogre mage
 14281 | Orc:2    | Noticed a two-headed ogre
 14281 | Orc:2    | Noticed an ogre mage
 14290 | Orc:2    | Killed a two-headed ogre
 14292 | Orc:2    | Killed an ogre mage
 14293 | Orc:2    | Killed an orc high priest
 14295 | Orc:2    | Killed a two-headed ogre
 14557 | Orc:2    | Noticed a two-headed ogre
 14557 | Orc:2    | Noticed a two-headed ogre
 14559 | Orc:2    | Noticed an ogre mage
 14698 | Orc:2    | Noticed a two-headed ogre
 14698 | Orc:2    | Noticed a two-headed ogre
 14701 | Orc:1    | HP: 2/112 [two-headed ogre/+0 giant club (7)]
 14705 | Orc:1    | Mangled by a two-headed ogre

Illustrated notes

Levels and vault maps discovered:
D:1:      evilmike_arrival_home_sweet_home, layout_loops_cross,
          ebering_ecumenical_altar_mist
D:2:      layout_loops_corners, minmay_bisected, uniq_robin
D:3:      layout_basic, dreamdust_divine_triumvirate,
          nicolae_overflow_crystal_walls, dancing_weapons_uskayaw,
          uniq_crazy_yiuf_cottage, uniq_sigmund
D:4:      layout_cave_pods, minmay_temple_entry_waves, serial_shops,
          shop_statue, corexii_shack
D:5:      layout_basic, mainiacjoe_overflow_surrounded_room
D:6:      layout_cave_pods, uniq_duvessa
D:7:      layout_basic, minitemple, skrybe_limestone_x, grunt_ministairs_14,
          minmay_liquid_box, uniq_joseph
D:8:      layout_rooms, mainiacjoe_overflow_brackets,
          due_lair_maze_entry_diamond
D:9:      layout_roguey, nicolae_overflow_hidden_temple,
          mainiacjoe_overflow_24_doors, grunt_temple_overflow_cloverleaf,
          serial_shops, shop_coins
D:10:     layout_rooms, orc_0_dummy, hangedman_misty_isle
D:11:     cheibrodos_histonic, layout_loops_ring, ebering_ghost_inner_flame,
          nicolae_diode_intersection, uniq_gastronok
Lair:1:   layout_gridlike
Orc:1:    layout_diamond_mine, serial_shops, nicolae_diamond_shop
Orc:2:    st_orc_ogre_mass, layout_caves, nicolae_orc_damp_corner

Skill      XL: |  1  2  3  4  5  6  7  8  9 10 11 12 |
---------------+-------------------------------------+-----
Fighting       | 4 5 6 7 8 9 11 | 11.8
Axes           | 4 5 6 8 10 12 | 12.6
Armour         | 3 4 5 6 8 9 |  9.0
Dodging        | 3 4 5 6 7 |  7.1
Staves         | 3 |  3.0
Throwing       | 3 4 5 7 8 |  8.0
Evocations     | 2 3 5 6 7 |  7.0
Shields        | 1 4 6 7 |  7.3
Stealth        | 2 |  2.0

Action                   |  1- 3 |  4- 6 |  7- 9 | 10-12 || total
-------------------------+-------+-------+-------+-------++-------
Melee: Hand axe          |     8 |       |   117 |   366 ||   491
       Dagger            |    30 |    23 |       |       ||    53
       Headbutt          |     9 |    10 |    43 |    69 ||   131
       Quarterstaff      |       |    36 |    95 |       ||   131
       Punch             |       |       |     2 |     5 ||     7
       Bite              |       |       |       |    17 ||    17
 Fire: Sling             |    49 |       |       |       ||    49
Throw: Stone             |       |       |     8 |     4 ||    12
       Dart              |       |       |       |    12 ||    12
       Boomerang         |       |       |       |     5 ||     5
Invok: Berserk           |     1 |     3 |     8 |    17 ||    29
       Trog's Hand       |       |       |     2 |     4 ||     6
       Brothers in Arms  |       |       |       |     1 ||     1
Evoke: Wand              |       |       |       |     4 ||     4
       Phial of floods   |       |       |       |     1 ||     1
  Use: Scroll            |       |       |     6 |    16 ||    22
       Potion            |       |       |       |     2 ||     2
Armor: Animal skin       |     4 |       |       |       ||     4
       Scale mail        |    17 |    25 |    78 |    13 ||   133
       Ring mail         |       |       |       |    73 ||    73
       Leather armour    |       |       |       |    34 ||    34
Dodge: Dodged            |    44 |    29 |    93 |   227 ||   393
